 Dungeon Crawl Stone Soup version 0.30-a0-575-g6f4a10e2d2 (webtiles) character file.

Game seed: 3048056553977069250

855 M4edhros the Sneak (level 8, -4/52 HPs)
             Began as an Octopode Artificer on Dec 30, 2022.
             Killed from afar by a white imp (10 damage)
             ... with a puff of frost
             ... on level 7 of the Dungeon.
             The game lasted 00:05:53 (964 turns).

M4edhros the Sneak (Octopode Artificer)              Turns: 964, Time: 00:05:53

Health: -4/52      AC:  1    Str: 12    XL:     8   Next: 1%
Magic:  8/8        EV: 19    Int: 13    God:
Gold:   146        SH:  0    Dex: 14    Spells: 7/7 levels left

rFire   . . .      SeeInvis .      - Unarmed
rCold   . . .      Faith    .    (no shield)
rNeg    . . .      Spirit   .    (helmet restricted)
rPois   .          Reflect  .    (no amulet)
rElec   .          Harm     .    j - +5 ring of evasion
rCorr   .          Rampage  .    (no ring)
Will    .....                    (no ring)
Stlth   ++++                     (no ring)
HPRegen 0.28/turn                (no ring)
MPRegen 0.11/turn                (no ring)
                                 (no ring)
                                 (no ring)

@: no status effects
A: almost no armour, amphibious, 8 rings, camouflage 1, gelatinous body 1,
(nimble swimmer 1), tentacles
a: no special abilities


You were on level 7 of the Dungeon.
You visited 1 branch of the dungeon, and saw 8 of its levels.

You collected 146 gold pieces.

Inventory:

Missiles
 b - 3 poisoned darts
Armour
 g - a +0 tower shield
Jewellery
 j - a +5 ring of evasion (left tentacle)
Wands
 c - a wand of charming (2)
 k - a wand of digging (3)
Scrolls
 a - a scroll of vulnerability {unknown}
 e - a scroll of noise {unknown}
 f - a scroll of amnesia {unknown}
 i - 3 scrolls of identify {unknown}
 l - a scroll of teleportation {unknown}
Potions
 d - 2 potions of might {unknown}
 h - a potion of ambrosia
 m - a potion of curing {unknown}


   Skills:
 + Level 3.4 Fighting
 + Level 4.2 Dodging
 + Level 5.1 Stealth
 * Level 4.9 Unarmed Combat
 + Level 5.0 Evocations


You had 7 spell levels left.
You didn't know any spells.
Your spell library contained the following spells:

 Spells                   Type           Power      Damage    Failure   Level
 Portal Projectile        Hex/Tloc       0%         N/A       67%         3
 Tukima's Dance           Hex            0%         N/A       67%         3
 Blade Hands              Tmut           0%         N/A       100%        5


Dungeon Overview and Level Annotations

Branches:
Dungeon (8/15)
 Temple: D:4-7         Lair: D:8-11

Altars:
The Shining One

Annotations:
D:6 3 runed translucent doors, rossyrg's ghost, amateur GnRe


Innate Abilities, Weirdness & Mutations

You cannot wear most types of armour.
You are amphibious.
You can wear up to eight rings at the same time.
Your skin changes colour to match your surroundings (Stealth+).
Your rubbery body absorbs attacks. (AC +1, EV +1)
((You are camouflaged when in or above water. (Stealth+)))
You have tentacles for arms and can constrict up to eight enemies at once.


Message History

You tentacle-slap Menkaure.
You destroy Menkaure!
Your Stealth skill increases to level 5!
Your Evocations skill increases to level 5!
You have reached level 8!
Aiming: Charm
Press: ? - help, Shift-Dir - straight line, f - ice beast
Aim: an ice beast (chance to affect: 62%)
The ice beast resists with significant effort.
Aiming: Charm
Press: ? - help, Shift-Dir - straight line, f/p - ice beast
Aim: an ice beast (chance to affect: 62%)
The ice beast is charmed.
What are your orders? t - Shout!
Orders for allies: a - Attack new target. p - Attack previous target. r - Retreat! s - Stop attacking. g - Guard the area. f - Follow me.
Anything else - Cancel.
Guard this area!
You now have 146 gold pieces (gained 8).
Found a robe and a ring mail.
You hear the faint creaking of a portcullis very nearby.
A white imp comes into view.
Found an escape hatch in the ceiling.
The white imp shouts, "Quit, thou surly sheep-biting varlet!"
You hear a shout! x2
The white imp gestures at you. The puff of frost misses you.
Found an escape hatch in the floor.
The white imp shouts, "Remove thy stench, thou froward moon-mazed gonus!"
The white imp hits you.
* * * LOW HITPOINT WARNING * * *
The white imp freezes you.
* * * LOW HITPOINT WARNING * * *
You tentacle-slap the white imp but do no damage.
Your grab misses the white imp. The white imp gestures at you.
The puff of frost hits you!
You die...

#.# #.. #.# #.# ######
#.# #....# #.# #....#
#.# ≈ ####....###.# ...
#..........@#.....
##...........5......
#####..##....##.........
........+............###
#....#.##....##.#.#.<#
#....#.#.....##.#.#...#
#....#.#.....##.#.# #..#
#....#.#.....##.#.# .>.
#....#.#.....##.#


You could see a white imp.

Vanquished Creatures
  Menkaure (D:7)
  A water moccasin (D:6)
  A sky beast (D:6)
  An ogre (D:4)
  A centaur (D:5)
  A scorpion (D:6)
  An orc priest (D:7)
  2 hounds
  A jelly (D:4)
  An iguana (D:7)
  An orc wizard (D:7)
  2 adders (D:5)
  2 shadow imps (D:6)
  A white imp (D:6)
  A worm (D:5)
  5 orcs
  An endoplasm (D:4)
  A quokka (D:3)
25 creatures vanquished.

Vanquished Creatures (collateral kills)
  A scorpion (D:6)
  A jelly (D:6)
  2 adders (D:6)
  A white imp (D:6)
  An orc (D:6)
6 creatures vanquished.

Grand Total: 31 creatures vanquished

Notes
Turn   | Place    | Note
-------+----------+-------------------------------------------
     0 | D:1      | M4edhros the Octopode Artificer began the quest for the
                  | Orb.
     0 | D:1      | Reached XP level 1. HP: 13/13 MP: 1/1
   115 | D:4      | Noticed an ogre
   122 | D:4      | Killed an ogre
   123 | D:4      | Reached XP level 2. HP: 4/19 MP: 2/2
   123 | D:4      | Reached XP level 3. HP: 5/24 MP: 3/3
   123 | D:4      | Reached XP level 4. HP: 6/29 MP: 4/4
   135 | D:4      | Reached XP level 5. HP: 10/34 MP: 5/5
   152 | D:5      | Entered Level 5 of the Dungeon
   171 | D:6      | Noticed a sky beast
   215 | D:6      | Killed a sky beast
   216 | D:6      | Reached XP level 6. HP: 17/41 MP: 6/6
   220 | D:6      | Noticed an ice beast
   222 | D:6      | Noticed a water moccasin
   229 | D:6      | Killed a water moccasin
   401 | D:6      | Reached XP level 7. HP: 26/45 MP: 7/7
   439 | D:6      | Noticed rossyrg's ghost (amateur GnRe)
   441 | D:6      | Noticed a wraith
   737 | D:6      | Found a runed translucent gate.
   737 | D:6      | Found a runed translucent gate.
   737 | D:6      | Found a runed translucent gate.
   835 | D:7      | Found a glowing golden altar of the Shining One.
   937 | D:7      | Noticed Menkaure
   945 | D:7      | Killed Menkaure
   946 | D:7      | Reached skill level 5 in Stealth
   946 | D:7      | Reached skill level 5 in Evocations
   946 | D:7      | Reached XP level 8. HP: 7/52 MP: 8/8
   964 | D:7      | Killed from afar by a white imp

Illustrated notes

Levels and vault maps discovered:
D:1:      dpeg_arrival_rooms_with_view, layout_loops_ring
D:2:      layout_basic
D:3:      kennysheep_the_goblin_king, layout_basic,
          mainiacjoe_overflow_alcove_1, wad_orctagon, uniq_ijyb
D:4:      layout_loops_ring
D:5:      layout_basic, mainiacjoe_overflow_concentric_impassable
D:6:      layout_rooms, gammafunk_ghost_split
D:7:      layout_basic, tso_metal_star, minmay_temple_entry_mist,
          enter_bailey_5, serial_shops, shop_statue, serial_bayou_pond_d,
          uniq_menkaure
D:8:      layout_loops_corners, uniq_joseph

Skill      XL: |  1  2  3  4  5  6  7 |
---------------+----------------------+-----
Stealth        | 2 3 4 5 |  5.1
Unarmed Combat | 2 3 4 |  4.9
Fighting       | 2 3 |  3.4
Dodging        | 3 4 |  4.2
Evocations     | 4 5 |  5.0

Action                   |  1- 3 |  4- 6 |  7- 9 || total
-------------------------+-------+-------+-------++-------
Melee: Unarmed           |     2 |    13 |    55 ||    70
       Constrict         |     1 |     3 |    11 ||    15
       Tentacles         |     1 |     1 |    20 ||    22
       Punch             |       |     1 |       ||     1
Evoke: Wand              |     6 |    22 |     5 ||    33
  Use: Potion            |       |     1 |       ||     1
 Stab: Sleeping          |       |       |     2 ||     2
       Distracted        |       |       |     1 ||     1
Armor: Skin              |       |       |     2 ||     2
Dodge: Dodged            |       |    12 |    42 ||    54

Table legend: (Time is in decaauts)
 A = Elapsed time spent in this place.
 B = Non-inter-level travel time spent in this place.
 C = Inter-level travel time spent in this place.
 D = Time resting spent in this place.
 E = Time spent auto-exploring this place.
 F = Levels seen in this place.
 G = Mean time per level.
                   A        B        C        D        E       F      G
               +--------+--------+--------+--------+--------+-----+--------+
         Total |    955 |    927 |     28 |      9 |     62 |   8 |  119.4 |
       Dungeon |    955 |    927 |     28 |      9 |     62 |   8 |  119.4 |
               +--------+--------+--------+--------+--------+-----+--------+

Top non-repeatable levels by time:
     D:6: 429 daAuts
     D:5: 217 daAuts
     D:7: 155 daAuts
     D:1: 71 daAuts
     D:4: 40 daAuts
     D:3: 31 daAuts
     D:2: 7 daAuts
     D:8: 2 daAuts
